 Dungeon Crawl Stone Soup version 0.21.1-1-g345015f (webtiles) character file.

29 Fang the Skirmisher (level 3, -2/34 HPs)
             Began as a Gargoyle Berserker on June 1, 2018.
             Was a Follower of Trog.
             Slain by a worm (9 damage)
             ... on level 2 of the Dungeon.
             The game lasted 00:02:07 (1660 turns).

Fang the Skirmisher (Gargoyle Berserker)            Turns: 1660, Time: 00:02:08

Health: -2/34      AC:  5    Str: 26    XL:     3   Next: 16%
Magic:  3/3        EV: 12    Int:  7    God:    Trog [*.....]
Gold:   84         SH:  0    Dex:  9    Spells: 2/2 levels left

rFire    . . .     SeeInvis .   a - +0 hand axe
rCold    . . .     Gourm    .   (no shield)
rNeg     + . .     Faith    .   b - +0 animal skin
rPois    ∞         Spirit   .   (no helmet)
rElec    +         Reflect  .   (no cloak)
rCorr    .         Harm     .   (no gloves)
MR       .....     Rnd*Tele +   (no boots)
Stlth    ..........             (no amulet)
HPRegen  0.11/turn              g - ring of teleportation (curse)
MPRegen  0.08/turn              (no ring)

@: berserking, very quick
A: negative energy resistance 1, electricity resistance, unbreathing,
petrification resistance, rot immunity, AC +3
a: Berserk, Burn Spellbooks, Renounce Religion


You were on level 2 of the Dungeon.
You worshipped Trog.
Trog was aware of your devotion.
You were very hungry.

You visited 1 branch of the dungeon, and saw 2 of its levels.

You collected 84 gold pieces.

Inventory:

Hand Weapons
 a - a +0 hand axe (weapon)
Armour
 b - a +0 animal skin (worn)
Jewellery
 g - a cursed ring of teleportation (left hand)
 i - an uncursed ring of ice {unknown}
Scrolls
 d - 3 scrolls of remove curse {unknown}
 e - 2 scrolls of identify {unknown}
 f - a scroll of teleportation {unknown}
 k - a scroll of enchant armour {unknown}
 l - a scroll of blinking {unknown}
Potions
 h - a potion of curing {unknown}
 j - a potion of invisibility {unknown}
 m - a potion of brilliance {unknown}
 n - a potion of degeneration {unknown}
Comestibles
 c - 3 rations


   Skills:
 + Level 3.5 Fighting
 + Level 3.3 Axes
 + Level 2.3 Armour
 + Level 1.9 Dodging


You had 2 spell levels left.
You didn't know any spells.

Dungeon Overview and Level Annotations

Branches:
Dungeon (2/15)

Altars:
Gozag

Shops:
D:2 *


Innate Abilities, Weirdness & Mutations

You are resistant to torment.
Your stone body is resilient. (AC +3)
You are immune to poison.
You resist negative energy. (rN+)
You are resistant to electric shocks. (rElec)
You can survive without breathing.
You are immune to petrification.
You are immune to rotting.


Message History

You are too injured to fight recklessly!
You are too injured to fight recklessly!
You are too injured to fight recklessly!
You are too injured to fight recklessly!
You are too injured to fight recklessly!
A red film seems to cover your vision as you go berserk!
You feel yourself moving faster!
You feel mighty!
You are feeling very hungry.
The worm bites you but does no damage.
You barely miss the worm.
The worm is heavily wounded.
You barely miss the worm.
The worm is heavily wounded.
The worm misses you.
You barely miss the worm.
The worm is heavily wounded.
You completely miss the worm.
The worm is heavily wounded.
The worm bites you!
You die...

#.####..........#.#
#....#.#
#.###############.#
#....#.#
#.................#
#..###.#
#####.#############
#......# #.# ..#
#.###### #.# #.#
#.# #.# #.# #.#
#.##.########.###.#
#.##.....w@.......#
#.##..#######.#####
#.# ..... ###.###
#.# #.. ###


You could see a worm.

Vanquished Creatures
  A leopard gecko (D:2)
  A ball python (D:1)
  5 hobgoblins
  3 jackals (D:1)
  6 kobolds
  A bat (D:1)
  A frilled lizard (D:1)
  4 goblins (D:1)
  A rat (D:1)
23 creatures vanquished.

Notes
Turn   | Place    | Note
-------+----------+-------------------------------------------
     0 | D:1      | Fang the Gargoyle Berserker began the quest for the Orb.
     0 | D:1      | Reached XP level 1. HP: 14/14 MP: 1/1
   218 | D:1      | Reached XP level 2. HP: 10/19 MP: 2/2
  1227 | D:2      | Found an opulent altar of Gozag.
  1228 | D:2      | Found Gozag's Platinum Reserve.
  1249 | D:2      | Reached XP level 3. HP: 19/23 MP: 3/3
  1660 | D:2      | Slain by a worm

Skill      XL: |  1  2 |
---------------+-------+-----
Axes           | 3 |  3.3
Fighting       | |  3.5
Armour         | |  2.3
Dodging        | |  1.9

Action                   || total
-------------------------++-------
Melee: Hand axe          ||    90
Invok: Berserk           ||     1
  Eat: Chunk             ||     2
Armor: Animal skin       ||    27
Dodge: Dodged            ||    61
